 Dungeon Crawl Stone Soup version 0.28.0-43-g3370ac3207 (webtiles) character file.

Game seed: 11256028428363013779

268776 pkoi the Cryomancer (level 19, -17/151 HPs)
             Began as a White Draconian Conjurer on Mar 2, 2022.
             Was the Champion of Vehumet.
             Shot with a bolt by a yaktaur (29 damage)
             ... led by a yaktaur captain
             ... on level 2 of the Vaults.
             The game lasted 02:29:40 (72211 turns).

pkoi the Cryomancer (White Draconian Conjurer)     Turns: 72211, Time: 02:29:41

Health: -17/151    AC: 19    Str: 12    XL:     19   Next: 76%
Magic:  8/36       EV: 16    Int: 47    God:    Vehumet [******]
Gold:   1596       SH:  5    Dex: 11    Spells: 11/44 levels left

rFire   . . .      SeeInvis .   a - +7 lajatang of Honour {spect, rC+ rN+}
rCold   + + +      Faith    .   (shield currently unavailable)
rNeg    + + +      Spirit   .   (armour unavailable)
rPois   +          Reflect  +   (helmet restricted)
rElec   .          Harm     .   C - +2 cloak {rC+}
rCorr   +          Rampage  .   i - +2 pair of gloves "Ivuj" {rCorr}
Will    +....                   n - +2 pair of boots of Perpetual Drought {rN+++ Str-5 Int+8}
Stlth   ++........              Z - amulet "Nikkeo" {Reflect rC+ Will- Str+6 Int+3 SH+5}
HPRegen 0.35/turn               S - +6 ring of intelligence
MPRegen 0.25/turn               X - +6 ring of intelligence

@: in a vortex, frozen, flying (expiring), very slightly contaminated, studying
Shields, very slow
A: breathe frost, AC +10, unfitting armour, cold resistance 1, cold-blooded,
strong-willed 1, poison resistance, MP-powered wands
}: 1/15 runes: decaying
a: Breathe Frost, Renounce Religion


You were on level 2 of the Vaults.
You worshipped Vehumet.
Vehumet was exalted by your worship.
You visited 8 branches of the dungeon, and saw 37 of its levels.
You also visited: Ice Cave.

You collected 3681 gold pieces.
You spent 2085 gold pieces at shops.

Inventory:

Hand Weapons
 a - the +7 lajatang of Honour (weapon) {spect, rC+ rN+}
   (You acquired it on level 2 of the Dungeon)

   When its wielder attacks, the weapon's spirit leaps out and strikes again.
   The spirit shares a part of any damage it takes with its wielder.
   rC:        It protects you from cold.
   rN:        It protects you from negative energy.
 G - the +7 hunting sling "Foej" {flame, *Slow rN+ Int+7 Stlth-}
   (You found it on level 1 of the Spider Nest)

   Any ammunition fired from it burns those it strikes, dealing additional fire
   damage.
   Int:       It affects your intelligence (+7).
   rN:        It protects you from negative energy.
   *Slow:     It may slow you when you take damage.
   Stlth:     It makes you less stealthy.
Missiles
 x - 14 curare-tipped darts
 N - 2 throwing nets
Armour
 i - the +2 pair of gloves "Ivuj" (worn) {rCorr}
   (You found it on level 2 of the Dungeon)

   rCorr:     It protects you from acid and corrosion.
 n - the +2 pair of boots of Perpetual Drought (worn) {rN+++ Str-5 Int+8}
   (You found it on level 5 of the Dungeon)

   Str:       It affects your strength (-5).
   Int:       It affects your intelligence (+8).
   rN:        It renders you almost immune to negative energy.
 C - a +2 cloak of cold resistance (worn)
Magical Staves
 d - a staff of conjuration
Jewellery
 j - a ring of ice
 m - an amulet of magic regeneration
 P - the ring "Sefieth" {rF+ rC++ AC+4 Dex-4}
   (You bought it in a shop on level 11 of the Dungeon)

   [ring of protection]

   AC:        It affects your AC (+4).
   Dex:       It affects your dexterity (-4).
   rF:        It protects you from fire.
   rC:        It greatly protects you from cold.
 S - a +6 ring of intelligence (left hand)
 U - an amulet of the acrobat
 V - the ring "Taxo" {rElec rPois rF+ rC+}
   (You took it off a yaktaur captain on level 13 of the Dungeon)

   [ring of protection from fire]

   rF:        It protects you from fire.
   rC:        It protects you from cold.
   rElec:     It insulates you from electricity.
   rPois:     It protects you from poison.
 W - a ring of see invisible
 X - a +6 ring of intelligence (right hand)
 Z - the amulet "Nikkeo" (around neck) {Reflect rC+ Will- Str+6 Int+3 SH+5}
   (You took it off a deep elf demonologist on level 3 of the Elven Halls)

   [amulet of reflection]

   It reflects blocked missile attacks.
   Str:       It affects your strength (+6).
   Int:       It affects your intelligence (+3).
   rC:        It protects you from cold.
   SH:        It affects your SH (+5).
   Will:      It decreases your willpower.
Wands
 g - a wand of flame (96)
 h - a wand of acid (32)
 o - a wand of mindburst (37)
 w - a wand of polymorph (25)
 F - a wand of digging (4)
 I - a wand of iceblast (21)
 Q - a wand of paralysis (7)
Scrolls
 s - 9 scrolls of teleportation
 u - 5 scrolls of amnesia
 y - 3 scrolls of fog
 A - 2 scrolls of silence
 B - 4 scrolls of magic mapping
 H - 3 scrolls of fear
 J - 12 scrolls of identify
 L - 4 scrolls of enchant armour
 M - 2 scrolls of enchant weapon
 R - 2 scrolls of blinking
Potions
 b - 2 potions of heal wounds
 c - a potion of magic
 e - 7 potions of flight
 k - 8 potions of might
 p - 11 potions of curing
 q - 2 potions of brilliance
 r - 3 potions of invisibility
 t - a potion of ambrosia
 z - 3 potions of cancellation
 O - 3 potions of haste
Miscellaneous
 D - a phantom mirror


   Skills:
 - Level 9.0 Fighting
 - Level 14.0 Staves
 - Level 12.0 Dodging
 - Level 1.7 Stealth
 + Level 13.4 Spellcasting
 + Level 15.4 Conjurations
 - Level 6.0 Hexes
 - Level 6.0 Translocations
 - Level 6.0 Fire Magic
 + Level 21.5 Ice Magic
 + Level 9.8 Air Magic


You had 11 spell levels left.
You knew the following spells:

 Your Spells              Type           Power      Damage    Failure   Level
a - Magic Dart            Conj           100%       1d8       0%          1
b - Searing Ray           Conj           100%       2d8       0%          2
c - Iskenderun's Mystic   Conj/Tloc      93%        2d18      1%          4
d - Fulminant Prism       Conj/Hex       46%        3d21      1%          4
e - Fireball              Conj/Fire      46%        3d18      1%          5
f - Freezing Cloud        Conj/Ice/Air   54%        6-21      1%          5
g - Apportation           Tloc           100%       N/A       1%          1
h - Blink                 Tloc           100%       N/A       1%          2
i - Polar Vortex          Ice            62%        N/A       3%          9

Your spell library contained the following spells:

 Spells                   Type           Power      Damage    Failure   Level
 Chain Lightning          Conj/Air       50%        3d66      69%         9
 Fire Storm               Conj/Fire      46%        8d12      90%         9
 Ensorcelled Hibernation  Hex/Ice        100%       N/A       0%          2
 Static Discharge         Conj/Air       100%       N/A       0%          2
 Ozocubu's Armour         Ice            100%       N/A       0%          3
 Animate Skeleton         Necr           62%        N/A       1%          1
 Beastly Appendage        Tmut           62%        N/A       1%          1
 Sting                    Tmut/Pois      100%       1d8       1%          1
 Summon Small Mammal      Summ           100%       N/A       1%          1
 Corpse Rot               Necr/Air       100%       N/A       1%          2
 Passwall                 Tmut/Erth      25%        N/A       1%          2
 Poisonous Vapours        Pois/Air       100%       N/A       1%          2
 Sublimation of Blood     Necr           31%        N/A       1%          2
 Wereblood                Tmut           31%        N/A       1%          2
 Confusing Touch          Hex            73%        N/A       1%          3
 Dazzling Flash           Conj/Hex       100%       N/A       1%          3
 Gell's Gravitas          Tloc           73%        N/A       1%          3
 Ignite Poison            Fire/Tmut/Pois 50%        N/A       1%          3
 Lesser Beckoning         Tloc           73%        N/A       1%          3
 Mephitic Cloud           Conj/Pois/Air  84%        N/A       1%          3
 Swiftness                Air            90%        N/A       1%          3
 Teleport Other           Tloc           73%        N/A       1%          3
 Passage of Golubria      Tloc           73%        N/A       1%          4
 Summon Lightning Spire   Summ/Air       67%        N/A       1%          4
 Lightning Bolt           Conj/Air       50%        1d71      1%          5
 Manifold Assault         Tloc           73%        N/A       1%          5
 Metabolic Englaciation   Hex/Ice        51%        N/A       1%          5
 Silence                  Hex/Air        41%        N/A       1%          5
 Yara's Violent Unravell  Hex/Tmut       28%        3d12      1%          5
 Iron Shot                Conj/Erth      40%        9d8       1%          6
 Simulacrum               Ice/Necr       46%        N/A       1%          6
 Spider Form              Tmut/Pois      31%        N/A       2%          3
 Olgreb's Toxic Radiance  Pois           31%        N/A       2%          4
 Lee's Rapid Deconstruct  Erth           15%        3d11*     6%          5
 Summon Forest            Summ/Tloc      28%        N/A       6%          5
 Summon Mana Viper        Hex/Summ       56%        N/A       6%          5
 Animate Dead             Necr           15%        N/A       8%          4
 Dispel Undead            Necr           31%        3d14      8%          4
 Dispersal                Tloc           36%        N/A       10%         6
 Blade Hands              Tmut           15%        N/A       22%         5
 Maxwell's Capacitive Co  Air            45%        ∞         22%         8
 Lehudib's Crystal Spear  Conj/Erth      40%        10d10     45%         8
 Enfeeble                 Hex            36%        N/A       50%         7
 Storm Form               Tmut/Air       33%        N/A       65%         7
 Death Channel            Necr           15%        N/A       75%         6
 Summon Cactus Giant      Summ           15%        N/A       75%         6
 Haunt                    Necr/Summ      15%        N/A       100%        7
 Summon Hydra             Summ           15%        N/A       100%        7
 Borgnjor's Revivificati  Necr           15%        N/A       100%        8
 Infestation              Necr           15%        N/A       100%        8
 Necromutation            Tmut/Necr      15%        N/A       100%        8
 Death's Door             Necr           15%        N/A       100%        9
 Animate Armour           Summ/Erth      Unusable   N/A       N/A         4

Dungeon Overview and Level Annotations

Branches:
Dungeon (15/15)            Temple (1/1) D:4            Lair (6/6) D:10
  Swamp (4/4) Lair:3       Spider (4/4) Lair:4        Slime (0/5) Lair:6
    Orc (2/2) D:12            Elf (3/3) Orc:2        Vaults (2/5) D:13
 Depths (0/4) D:15          IceCv (visited)
  Crypt: Vaults:2-3

Altars:
Ashenzari
Cheibriados
Dithmenos
Elyvilon
Fedhas
Gozag
Hepliaklqana
Kikubaaqudgha
Makhleb
Nemelex Xobeh
Okawaru
Qazlal
Ru
Sif Muna
Trog
Uskayaw
Vehumet
Wu Jian
Xom
Yredelemnul
Zin
The Shining One
Beogh

Shops:
D:11 =   D:13 ?   D:14 *   Orc:2 (*((*[   Elf:1 [:?[   Elf:2 *   Vaults:2 !

Portals:
Trove: Elf:2 (give 7 potions of haste)

Annotations:
D:15 exclusion: obsidian statue
Lair:1 3 runed translucent doors, Aarinfel's ghost, journeyman DjFE; DemonSlayer's ghost, journeyman DEEE; GloriousHammer's ghost, journeyman TrBe; pcat's ghost, journeyman GrEE
Spider:1 2 transporters, browni3141's ghost, adept OpVM; dolemite99's ghost, journeyman DsGl; scisormetimb3rs's ghost, adept DsBe
Spider:4 Donald
Elf:2 3 runed translucent doors


Innate Abilities, Weirdness & Mutations

You can breathe waves of freezing cold which knock back foes.
Your icy white scales are hard. (AC +10)
You cannot fit into any form of body armour.
Your flesh is cold resistant. (rC+)
You are cold-blooded and may be slowed by cold attacks.
You are strong-willed. (Will+)
Your system is resistant to poisons. (rPois)
You expend magic power (3 MP) to strengthen your wands.


Message History

* * * LOW HITPOINT WARNING * * *
Casting: Iskenderun's Mystic Blast (safe; 1% risk of failure)
Confirm with . or Enter, or press ? or * to list all spells.
You miscast Polar Vortex.
You are very lightly contaminated with residual magic.
A chill runs through your body. You resist.
* * * LOW HITPOINT WARNING * * *
The peacekeeper barely misses you.
The peacekeeper claws you but does no damage.
The ironbound frostheart calls freezing cold from the walls.
The frost grips you!! You partially resist.
* * * LOW HITPOINT WARNING * * *
You are encased in ice.
The yaktaur captain shoots a bolt.
The bolt closely misses you.
Unknown command.
Unknown command.
Casting: Polar Vortex (dangerous; 3% risk of failure)
Confirm with . or Enter, or press ? or * to list all spells.
A great freezing vortex appears and lifts you up.
The peacekeeper barely misses you. x2
The peacekeeper bites you but does no damage.
The peacekeeper claws you!
* * * LOW HITPOINT WARNING * * *
The yaktaur shoots a bolt.
The bolt hits you!
* * * LOW HITPOINT WARNING * * *
You feel much better.
You destroy the peacekeeper!
Vehumet accepts your kill.
You feel your power returning.
You kill the ironbound frostheart!
Vehumet accepts your kill.
The yaktaur wields a +0 arbalest.
The yaktaur shoots a bolt.
The bolt closely misses you.
The yaktaur captain shoots a bolt.
The bolt hits you!!
* * * LOW HITPOINT WARNING * * *
The bolt freezes you.
* * * LOW HITPOINT WARNING * * *
The yaktaur wields a +0 arbalest.
The yaktaur shoots a bolt.
The bolt hits you!!
You die...

#.....# #.....#
#.....# #.....#
#.....# #§§§§.#
#§§§§.#
########§§§c.#
+......#@§§§.###
#......§§§§c....
#...[..#§§§§....
#......#§§§§c...
#...c..#........
#..T...#........
#.p....#########
..T'...)..#
..T########


You could see an ironbound preserver, a yaktaur captain, a deep troll and 3
yaktaurs.

Vanquished Creatures
  Jorgrun (Swamp:3)
  A deep elf blademaster (Elf:3)
  A deep elf master archer (Elf:3)
  2 sphinxes
  3 thorn hunters
  Kirke (D:12)
  A tengu reaver (D:13)
  A fenstrider witch (Swamp:3)
  An iron dragon (D:13)
  A frost giant (D:13)
  A fire giant (Vaults:1)
  2 emperor scorpions
  Louise (D:15)
  2 ghost moths (Spider:3)
  A vault warden (Vaults:1)
  5 deep elf elementalists (Elf:3)
  6 deep elf sorcerers (Elf:3)
  7 ironbound preservers
  3 ironbound thunderhulks
  2 stone giants
  2 vampire knights (Swamp:4)
  6 eleionomae
  8 deep elf demonologists
  13 deep elf annihilators
  2 spark wasps
  4 bunyips
  11 dire elephants (Vaults:1)
  An ettin (D:13)
  Snorg (D:11)
  3 shambling mangroves (Swamp:4)
  Josephine (Swamp:1)
  3 deep elf high priests
  A deep elf death mage (Elf:3)
  Fannar (D:11)
  Erolcha (D:12)
  5 vault guards (Elf:2)
  3 yaktaur captains
  A peacekeeper (Vaults:2)
  5 boulder beetles
  8 hydras
  3 jorogumos
  14 alligators
  2 radroaches
  3 ironbound frosthearts
  15 dancing weapons
  10 centaur warriors
  5 two-headed ogres
  4 tengu warriors
  4 death yaks (Lair:3)
  6 orc high priests
  Sonja (D:12)
  2 spriggan berserkers
  12 deep elf knights
  Nergalle (Orc:1)
  4 pharaoh ants
  A sun moth (Spider:3)
  5 goliath frogs
  9 swamp dragons (Swamp:4)
  3 steelbarb worms
  A glowing orange brain (shapeshifter) (D:13)
  10 orb spiders
  15 deep trolls
  2 glowing orange brains (Vaults:1)
  15 deep elf archers
  A flayed ghost (Swamp:4)
  A necromancer (D:13)
  3 spectral wolf spiders (Spider:3)
  4 wizards
  5 bog bodies
  10 harpies
  4 spriggan druids
  2 orc knights
  25 deep elf zephyrmancers
  4 spectral hydras (Swamp:4)
  3 ironbound convokers
  8 wolf spider zombies (Spider:3)
  A phantasmal warrior (Swamp:4)
  A lindwurm (Lair:5)
  3 oklob plants (Swamp:4)
  2 manticores
  18 wolf spiders
  7 orc sorcerers
  36 deep elf pyromancers
  6 cyclopes
  10 ugly things
  A will-o-the-wisp (Swamp:1)
  2 moths of wrath (Spider:2)
  6 vault sentinels
  An ice statue (IceCv)
  2 torpor snails
  Joseph (D:8)
  15 cane toads
  A kobold demonologist (D:13)
  A rime drake (shapeshifter) (D:15)
  3 efreet
  3 rime drakes
  An unseen horror (D:10)
  6 demonic crawlers
  3 tengu conjurers
  4 hydra zombies (Swamp:4)
  4 komodo dragons
  9 yaktaurs (Vaults:1)
  An anaconda simulacrum (IceCv)
  A freezing wraith (D:13)
  3 meliai (Spider:1)
  A bloated husk (Swamp:1)
  3 trolls
  2 entropy weaver simulacra (IceCv)
  The ghost of cbfl8 the Sneak, an amateur MiDe of Yredelemnul (D:4)
  5 wolf spider simulacra (Spider:3)
  12 slime creatures
  9 tyrant leeches
  14 hornets
  A meliai (shapeshifter) (Elf:2)
  31 tarantellas
  12 dream sheep (Lair:6)
  34 blink frogs
  4 hydra skeletons (Swamp:4)
  A centaur simulacrum (D:13)
  2 shadows
  A water elemental (Elf:3)
  A vampire (D:10)
  2 air elementals
  20 jumping spiders
  5 wraiths
  40 yaks
  15 culicivoras
  4 hogs (D:12)
  A yak (shapeshifter) (Elf:2)
  8 spriggans
  2 basilisks (Lair:1)
  A fire elemental (Elf:2)
  A redback simulacrum (D:15)
  A wyvern (Lair:4)
  28 redbacks
  4 death yak simulacra (IceCv)
  8 vampire mosquitoes
  2 steam dragons
  Menkaure (D:6)
  14 swamp worms
  An acid dragon (D:9)
  4 wargs
  2 hydra simulacra (Swamp:4)
  13 water moccasins
  10 swamp drakes
  29 orc warriors
  2 ice beasts
  2 swamp dragon zombies (Swamp:4)
  2 sky beasts
  2 black bears
  2 necrophages (D:6)
  3 ogres
  3 boggarts (D:14)
  A swamp dragon skeleton (Swamp:4)
  4 centaurs
  25 wolves
  2 phantoms
  3 kobold brigands
  A gnoll sergeant (D:4)
  2 earth elementals (Elf:1)
  7 scorpions
  15 bullfrogs
  2 cane toad simulacra (IceCv)
  9 two-headed ogre simulacra (IceCv)
  A wyvern zombie (D:9)
  A water moccasin zombie (D:6)
  3 wights (D:7)
  2 elephant simulacra (IceCv)
  12 killer bees
  A howler monkey (D:5)
  2 electric eels
  2 bullfrog zombies
  28 orc priests
  A centaur skeleton (D:5)
  2 hounds (D:5)
  2 jellies
  A bullfrog skeleton (D:6)
  A gnoll shaman (Orc:1)
  4 iguanas
  Jessica (D:2)
  25 orc wizards
  A spriggan simulacrum (IceCv)
  5 troll simulacra (IceCv)
  A wolf simulacrum (IceCv)
  A killer bee zombie (D:8)
  A hound skeleton (D:5)
  3 howler monkey zombies
  13 gnolls
  2 river rats (Lair:1)
  6 adders
  6 naga simulacra (IceCv)
  10 white imps
  6 ufetubi
  2 adder skeletons (D:4)
  4 worms
  2 dart slugs
  78 orcs
  6 bats
  5 endoplasms
  5 giant cockroaches
  2 hobgoblins (D:2)
  19 kobolds
  2 quokkas (D:3)
  5 ball pythons
  5 frilled lizards
  2 goblins
  3 rats
1213 creatures vanquished.

Vanquished Creatures (others)
  A tarantella (Spider:2)
  A culicivora (Spider:2)
  2 foxfires (Swamp:1)
  39 fulminant prisms
  40 fungi
  141 plants
  2 withered plants (Lair:1)
226 creatures vanquished.

Grand Total: 1439 creatures vanquished

Notes
Turn   | Place    | Note
-------+----------+-------------------------------------------
     0 | D:1      | pkoi the Draconian Conjurer began the quest for the Orb.
     0 | D:1      | Reached XP level 1. HP: 14/14 MP: 3/3
   433 | D:1      | Reached XP level 2. HP: 20/20 MP: 3/5
   458 | D:1      | Learned a level 2 spell: Searing Ray
  1210 | D:2      | You fall into a shaft and drop 1 floor!
  1337 | D:3      | Reached skill level 5 in Conjurations
  1337 | D:3      | Reached XP level 3. HP: 20/26 MP: 3/6
  2150 | D:2      | Noticed Jessica
  2152 | D:2      | Killed Jessica
  2153 | D:2      | Reached XP level 4. HP: 33/33 MP: 7/7
  2220 | D:2      | Identified a scroll of acquirement
  2220 | D:2      | Acquired the +7 lajatang of Honour {spect, rC+ rN+}
  2236 | D:2      | Found a faded altar of an unknown god.
  2324 | D:2      | Identified the +2 pair of gloves "Ivuj" {rCorr}
  3241 | D:3      | Learned a level 4 spell: Iskenderun's Mystic Blast
  3322 | D:3      | Reached skill level 1 in Staves
  3554 | D:3      | Reached XP level 5. HP: 35/38 MP: 8/8
  3927 | D:3      | Found a bloodstained altar of Trog.
  4072 | D:4      | Found a white marble altar of Elyvilon.
  4100 | D:4      | Found a shadowy altar of Dithmenos.
  4224 | D:4      | Found a transporter.
  4375 | D:4      | Found a transporter.
  4385 | D:4      | Noticed cbfl8's ghost (amateur MiDe)
  4465 | D:4      | Found a staircase to the Ecumenical Temple.
  4486 | Temple   | Entered the Ecumenical Temple
  4583 | Temple   | Became a worshipper of Vehumet
  4647 | D:4      | Reached skill level 1 in Translocations
  4962 | D:4      | Noticed a phantom
  4969 | D:4      | Killed a phantom
  4970 | D:4      | Reached XP level 6. HP: 38/45 MP: 9/9
  5184 | D:5      | Entered Level 5 of the Dungeon
  5446 | D:5      | Noticed an orc warrior
  5456 | D:5      | Killed an orc warrior
  5457 | D:5      | Your scales start taking on an icy white colour.
  5457 | D:5      | Reached XP level 7. HP: 36/50 MP: 7/11
  5457 | D:5      | Gained mutation: Your flesh is cold resistant. (rC+) [White
                  | Draconian growth]
  6353 | D:5      | Reached * piety under Vehumet
  6353 | D:5      | Offered knowledge of Shock by Vehumet.
  6473 | D:5      | Reached XP level 8. HP: 43/58 MP: 13/13
  6973 | D:5      | Found a shimmering blue altar of Sif Muna.
  7164 | D:5      | Reached skill level 1 in Fighting
  7605 | D:6      | Reached skill level 5 in Translocations
  8485 | D:6      | Noticed Menkaure
  8496 | D:6      | Reached XP level 9. HP: 68/68 MP: 15/15
  8648 | D:6      | Reached ** piety under Vehumet
  8683 | D:6      | Offered knowledge of Poisonous Vapours by Vehumet.
  8728 | D:6      | Killed Menkaure
  8954 | D:7      | Found a glowing golden altar of the Shining One.
  9567 | D:7      | Reached skill level 5 in Staves
  9577 | D:7      | Found a sacrificial altar of Ru.
  9820 | D:7      | Reached skill level 5 in Spellcasting
  9890 | D:7      | Found a hide-covered altar of Uskayaw.
 10142 | D:8      | Reached skill level 10 in Conjurations
 10196 | D:8      | Found a hazy altar of Hepliaklqana.
 10542 | D:8      | Gained mutation: Your system is resistant to poisons.
                  | (rPois) [potion of mutation]
 10542 | D:8      | Gained mutation: You are strong-willed. (Will+) [potion of
                  | mutation]
 10542 | D:8      | Gained mutation: You expend magic power (3 MP) to
                  | strengthen your wands. [potion of mutation]
 10998 | D:7      | Learned a level 4 spell: Fulminant Prism
 11089 | D:8      | Noticed Joseph
 11105 | D:8      | Killed Joseph
 11106 | D:8      | Reached skill level 1 in Hexes
 11106 | D:8      | Reached XP level 10. HP: 51/77 MP: 18/18
 11399 | D:8      | Offered knowledge of Ignite Poison by Vehumet.
 11916 | D:8      | Noticed a two-headed ogre
 11925 | D:8      | Killed a two-headed ogre
 12418 | D:9      | Reached *** piety under Vehumet
 12527 | D:9      | Found a sparkling altar of Nemelex Xobeh.
 12834 | D:10     | Entered Level 10 of the Dungeon
 12921 | D:10     | Found a staircase to the Lair.
 13340 | D:10     | Noticed a centaur warrior
 13464 | D:10     | Killed a centaur warrior
 14179 | D:10     | Reached XP level 11. HP: 71/82 MP: 12/20
 14372 | D:10     | Reached skill level 5 in Hexes
 14615 | D:10     | Found an ancient bone altar of Kikubaaqudgha.
 14946 | D:11     | Noticed a two-headed ogre
 14953 | D:11     | Killed a two-headed ogre
 15011 | D:11     | Noticed a boulder beetle
 15017 | D:11     | Killed a boulder beetle
 15219 | D:11     | Found Gowu's Jewellery Emporium.
 15254 | D:11     | Offered knowledge of Hailstorm by Vehumet.
 15318 | D:11     | Found a frozen archway.
 15321 | D:11     | Noticed a two-headed ogre
 15326 | D:11     | Killed a two-headed ogre
 15330 | IceCv    | Entered an ice cave
 15601 | IceCv    | Reached **** piety under Vehumet
 15891 | IceCv    | Offered knowledge of Fireball by Vehumet.
 15898 | IceCv    | Learned a level 5 spell: Fireball
 16549 | IceCv    | HP: 2/82 [death yak simulacrum (11)]
 17096 | IceCv    | Noticed a bog body
 17097 | IceCv    | Noticed a bog body
 17098 | IceCv    | Reached skill level 1 in Fire Magic
 17130 | IceCv    | Killed a bog body
 17207 | IceCv    | Killed a bog body
 17208 | IceCv    | Reached skill level 5 in Dodging
 17670 | IceCv    | Noticed a white ugly thing
 17836 | IceCv    | Killed a white ugly thing
 18281 | D:11     | Noticed Snorg
 18291 | D:11     | Noticed Fannar
 18297 | D:11     | Killed Snorg
 18298 | D:11     | Reached XP level 12. HP: 89/89 MP: 8/21
 18505 | D:11     | Killed Fannar
 19303 | D:12     | Noticed Sonja
 19311 | D:12     | Killed Sonja
 19314 | D:12     | Reached ***** piety under Vehumet
 19344 | D:12     | Noticed Erolcha
 19356 | D:12     | Killed Erolcha
 19356 | D:12     | Offered knowledge of Iron Shot by Vehumet.
 19719 | D:12     | Noticed Kirke
 19734 | D:12     | Killed Kirke
 19808 | D:12     | Found a staircase to the Orcish Mines.
 20036 | D:12     | Noticed a two-headed ogre
 20043 | D:12     | Killed a two-headed ogre
 20777 | Lair:1   | Entered Level 1 of the Lair of Beasts
 21468 | Lair:1   | Found a runed translucent gate.
 21472 | Lair:1   | Found a runed translucent gate.
 21472 | Lair:1   | Found a runed translucent gate.
 21472 | Lair:1   | Noticed GloriousHammer's ghost (journeyman TrBe)
 21472 | Lair:1   | Noticed pcat's ghost (journeyman GrEE)
 21515 | Lair:1   | Noticed DemonSlayer's ghost (journeyman DEEE)
 21516 | Lair:1   | Noticed Aarinfel's ghost (journeyman DjFE)
 22024 | Lair:2   | Identified the +9 morningstar of Doubt {venom, rElec}
 22247 | Lair:2   | Reached skill level 5 in Fighting
 22247 | Lair:2   | Noticed a seven-headed hydra
 22477 | Lair:1   | Reached XP level 13. HP: 85/100 MP: 23/23
 22718 | Lair:2   | Offered knowledge of Flame Wave by Vehumet.
 23343 | Lair:3   | Found a staircase to the Swamp.
 23574 | Lair:3   | Identified the +1 pair of boots of the Frog {Fly}
 24037 | Lair:3   | Identified the +3 flail "Suvaygg" {vorpal, Will+}
 25012 | Lair:4   | Found a hole to the Spider Nest.
 25979 | Lair:5   | Reached skill level 15 in Conjurations
 25987 | Lair:4   | Reached skill level 10 in Staves
 25987 | Lair:4   | Reached skill level 5 in Fire Magic
 26252 | Lair:5   | Offered knowledge of Starburst by Vehumet.
 27310 | Lair:6   | Entered Level 6 of the Lair of Beasts
 27371 | Lair:6   | Reached XP level 14. HP: 93/111 MP: 25/26
 27453 | Lair:6   | Found a staircase to the Slime Pits.
 28396 | D:4      | Killed cbfl8's ghost
 28775 | D:11     | Bought the ring "Sefieth" {rF+ rC++ AC+4 Dex-4} for 886
                  | gold pieces
 29000 | D:5      | Identified the +2 pair of boots of Perpetual Drought {rN+++
                  | Str-5 Int+8}
 29281 | Swamp:1  | Entered Level 1 of the Swamp
 29707 | Swamp:1  | Noticed Josephine
 29715 | Swamp:1  | Killed Josephine
 29840 | Swamp:1  | Identified the +1 scale mail of Fun and Games {rN+}
 29971 | Swamp:1  | Identified the +5 ring mail "Poemeepsiq" {rPois rC+ Int-5}
 30349 | Swamp:2  | Identified the +1 chain mail of Starshine {Harm rElec Int-3
                  | Dex+4}
 31854 | Swamp:3  | Noticed Jorgrun
 31854 | Swamp:3  | Noticed a fenstrider witch
 32023 | Swamp:3  | Noticed a thorn hunter
 32403 | Swamp:2  | Killed a thorn hunter
 33018 | Swamp:3  | Killed Jorgrun
 33019 | Swamp:3  | Reached XP level 15. HP: 102/124 MP: 2/28
 33327 | Swamp:3  | Killed a fenstrider witch
 33625 | Swamp:4  | Entered Level 4 of the Swamp
 33707 | Swamp:4  | Reached skill level 10 in Spellcasting
 34349 | Orc:1    | Entered Level 1 of the Orcish Mines
 34351 | Orc:1    | Noticed Nergalle
 34359 | Orc:1    | Offered knowledge of Orb of Destruction by Vehumet.
 34363 | Orc:1    | Killed Nergalle
 34908 | Orc:2    | Entered Level 2 of the Orcish Mines
 34921 | Orc:2    | Reached skill level 10 in Dodging
 35032 | Orc:2    | Found Dedaokil's Assorted Antiques.
 35035 | Orc:2    | Bought a scroll labelled HOPHUR WOBUMOMN for 31 gold pieces
 35040 | Orc:2    | Paralysed by an orc sorcerer for 7 turns
 35633 | Orc:2    | Found Gakhloit's Weapon Boutique.
 35705 | Orc:2    | Found a staircase to the Elven Halls.
 36209 | Orc:2    | Found Gadetofe's General Store.
 36210 | Orc:2    | Found Famatt's Weapon Boutique.
 36211 | Orc:2    | Found Nyst's Antique Weapon Boutique.
 36215 | Orc:2    | Found Dol Evel's Armour Shop.
 36314 | Orc:2    | Bought a Trismegistus Codex for 336 gold pieces
 36320 | Orc:2    | Learned a level 5 spell: Freezing Cloud
 36491 | Spider:1 | Entered Level 1 of the Spider Nest
 36718 | Spider:1 | Reached skill level 1 in Ice Magic
 36759 | Spider:1 | Found a hide-covered altar of Uskayaw.
 36947 | Spider:1 | Reached skill level 2 in Ice Magic
 37711 | Spider:1 | Reached skill level 3 in Ice Magic
 37962 | Spider:1 | Identified the +7 hunting sling "Foej" {flame, *Slow rN+
                  | Int+7 Stlth-}
 38966 | Spider:1 | Found a transporter.
 38974 | Spider:1 | Noticed dolemite99's ghost (journeyman DsGl)
 38975 | Spider:1 | Noticed an emperor scorpion
 38975 | Spider:1 | Noticed an emperor scorpion
 38975 | Spider:1 | Noticed browni3141's ghost (adept OpVM)
 38991 | Spider:1 | Noticed scisormetimb3rs's ghost (adept DsBe)
 39001 | Spider:1 | Found a transporter.
 39041 | Spider:1 | Reached skill level 4 in Ice Magic
 40097 | Spider:2 | Offered knowledge of Eringya's Noxious Bog by Vehumet.
 40738 | Spider:2 | Reached XP level 16. HP: 106/132 MP: 24/31
 41024 | Spider:2 | Reached skill level 5 in Ice Magic
 41110 | Spider:2 | HP: 5/198 [emperor scorpion (21)]
 41111 | Spider:2 | HP: 1/198 [emperor scorpion (2)]
 42193 | Spider:2 | Reached skill level 6 in Ice Magic
 42821 | Swamp:4  | Reached skill level 1 in Air Magic
 43821 | Swamp:4  | Reached skill level 7 in Ice Magic
 44337 | Swamp:4  | Reached ****** piety under Vehumet
 44550 | Swamp:4  | Noticed a thorn hunter
 44556 | Swamp:4  | Killed a thorn hunter
 44617 | Swamp:4  | Offered knowledge of Irradiate by Vehumet.
 44639 | Swamp:4  | Noticed a thorn hunter
 44646 | Swamp:4  | Killed a thorn hunter
 44647 | Swamp:4  | Reached skill level 8 in Ice Magic
 44956 | Swamp:4  | Found a basalt altar of Yredelemnul.
 44970 | Swamp:4  | Got a decaying rune of Zot
 44999 | Swamp:4  | Found a blossoming altar of Fedhas.
 45510 | Spider:3 | Reached skill level 5 in Air Magic
 46501 | Spider:3 | Reached skill level 9 in Ice Magic
 46521 | Spider:3 | Reached XP level 17. HP: 115/137 MP: 29/33
 47203 | Spider:4 | Entered Level 4 of the Spider Nest
 47225 | Spider:4 | Reached skill level 10 in Ice Magic
 47431 | Spider:4 | Noticed Donald
 48104 | Elf:1    | Entered Level 1 of the Elven Halls
 48121 | Elf:1    | Paralysed by an air elemental for 1 turns
 48568 | Elf:1    | Found Coplomoa's Armour Shop.
 48571 | Elf:1    | Found Ytur Navay's Magic Scroll Shop.
 48571 | Elf:1    | Found Womamiack's Book Boutique.
 48739 | Elf:1    | Found Iluadd's Antique Armour Boutique.
 48752 | Elf:1    | Bought a scroll of blinking for 112 gold pieces
 48809 | Elf:1    | Noticed a Hell Sentinel
 48810 | Elf:1    | Noticed a Hell Sentinel
 48811 | Elf:1    | Reached skill level 11 in Ice Magic
 48814 | Elf:1    | Identified the +0 long sword "Murmur" {venom, rN+}
 48956 | Elf:1    | Offered knowledge of Conjure Ball Lightning by Vehumet.
 49335 | Elf:1    | Identified the +10 rapier of Triumph {spect, Will++ rCorr
                  | Str+3 Int-5}
 49572 | Elf:1    | Reached skill level 12 in Ice Magic
 51153 | Elf:2    | Reached skill level 13 in Ice Magic
 51546 | Elf:1    | Bought a book of Cantrips for 168 gold pieces
 51548 | Elf:1    | Learned a level 1 spell: Apportation
 51754 | Elf:2    | Reached skill level 14 in Ice Magic
 52322 | Elf:2    | Found Fihel's General Store.
 52328 | Elf:2    | Bought a scroll of teleportation for 30 gold pieces
 52328 | Elf:2    | Bought a potion of curing for 30 gold pieces
 52328 | Elf:2    | Bought an Inescapable Atlas for 340 gold pieces
 52331 | Elf:2    | Learned a level 2 spell: Blink
 52992 | Elf:2    | Found a portal to a secret trove of treasure.
 53338 | Elf:2    | Reached skill level 15 in Ice Magic
 53338 | Elf:2    | Reached XP level 18. HP: 70/145 MP: 34/34
 53615 | Elf:2    | Found a runed translucent gate.
 53616 | Elf:2    | Found a runed translucent gate.
 53616 | Elf:2    | Found a runed translucent gate.
 53822 | Elf:3    | Entered Level 3 of the Elven Halls
 53892 | Elf:3    | Offered knowledge of Fire Storm by Vehumet.
 53892 | Elf:3    | Offered knowledge of Chain Lightning by Vehumet.
 53892 | Elf:3    | Offered knowledge of Polar Vortex by Vehumet.
 53910 | Elf:2    | Learned a level 9 spell: Polar Vortex
 54621 | D:13     | Found Baowa's Magic Scroll Boutique.
 55134 | D:13     | Found a gate to the Vaults.
 55966 | D:13     | Reached skill level 16 in Ice Magic
 56409 | D:13     | Identified the ring "Taxo" {rElec rPois rF+ rC+}
 57085 | D:14     | Reached skill level 17 in Ice Magic
 57129 | D:14     | Found a sparkling altar of Nemelex Xobeh.
 57507 | D:14     | Found Yreqawu's Fire Supplies.
 59155 | Elf:3    | Found a shimmering blue altar of Sif Muna.
 59769 | Elf:3    | Reached skill level 18 in Ice Magic
 60501 | Elf:3    | Identified the +11 falchion "Echummal" {vorpal, Will++
                  | rCorr}
 60501 | Elf:3    | Identified the amulet "Nikkeo" {Reflect rC+ Will- Str+6
                  | Int+3 SH+5}
 60559 | Elf:3    | Noticed an Ice Fiend
 60566 | Elf:3    | Identified the ring of Erileah {EV+4 Dex+6}
 60571 | Elf:3    | Identified the +4 robe of Tevydev {rF+}
 60928 | Elf:3    | Noticed a Tzitzimitl
 61234 | Elf:3    | Reached skill level 19 in Ice Magic
 62220 | D:15     | Entered Level 15 of the Dungeon
 62478 | D:15     | Noticed Louise
 62491 | D:15     | Killed Louise
 62824 | D:15     | Reached XP level 19. HP: 137/151 MP: 24/36
 63303 | D:15     | Found a staircase to the Depths.
 65094 | Vaults:1 | Entered Level 1 of the Vaults
 65143 | Vaults:1 | Reached skill level 20 in Ice Magic
 65144 | Vaults:1 | HP: 1/151 [centaur warrior/arrow (19)]
 65152 | Vaults:1 | HP: 7/151 [dire elephant (21)]
 65986 | Vaults:1 | Reached skill level 21 in Ice Magic
 67578 | Vaults:1 | Paralysed by a sphinx for 6 turns
 72032 | Vaults:2 | Found Role Rei's Distillery.
 72042 | Vaults:2 | Bought a potion of magic for 152 gold pieces
 72211 | Vaults:2 | Shot with a bolt by a yaktaur

Illustrated notes

Levels and vault maps discovered:
D:1:      amcnicky_arrival_gap_in_the_tavern_cellar, layout_loops_ring,
          minivault_27, amcnicky_mini_pool_small
D:2:      layout_basic, nicolae_ecumenical_snake_handling, uniq_jessica
D:3:      layout_basic, trog_butcher_becter, dk_noncrumbling_3, minivault_19
D:4:      layout_loops_ring, nicolae_elyvilon_peaceful_grove,
          nicolae_dithmenos_the_darkroom, minmay_temple_entry_slanted,
          gammafunk_ghost_gnarly_gnolls, minmay_strange_pillars
D:5:      layout_layer_cave, tgw_sif, minmay_increasing_density
D:6:      layout_basic, uniq_menkaure
D:7:      layout_basic, tso_altar, mainiacjoe_overflow_alcove_1,
          mainiacjoe_overflow_tiny_flanked
D:8:      layout_cave_pools, mainiacjoe_overflow_brackets, uniq_joseph
D:9:      layout_gridville, mainiacjoe_overflow_surrounded_room
D:10:     layout_layer_cave, nicolae_kikubaaqudgha_miasma_corner,
          lair_entry_dummy
D:11:     layout_rooms, serial_shops, shop, portal_ice_cave_entry_pillars_1,
          lightli_corner_chamber, uniq_fannar, uniq_snorg
D:12:     layout_layer_cave, david_orc_5, hangedman_decor_opposing, uniq_kirke,
          uniq_erolcha, uniq_sonja
D:13:     minmay_tearing_corner, layout_irregular_city, david_vaults_1,
          serial_shops, shop
D:14:     layout_grid_maze, nemelex_lonely_heart_becter, nicolae_shop_fire_sale
          [nicolae_sub_dead_trees]
D:15:     grunt_enter_depths_giant_problem, layout_stronghold,
          minmay_misc_feat_square, minivault_16, uniq_louise
Temple:   nicolae_temple_hex_pool
Lair:1:   layout_regular_city, gammafunk_ghost_cemetery, pond
Lair:2:   layout_gridlike, grunt_megastairs_3
Lair:3:   layout_layer_cave, skrybe_swamp_entry_bodies, lemuel_fruit_tree
Lair:4:   layout_hall_layers, nicolae_spider_entry_non_spiders, st_stairs_12,
          grunt_forest_large_clearings, serial_bayou_shore_b
Lair:5:   layout_small_grid
Lair:6:   minmay_lair_end_frog_pond, layout_loops_ring, slime_dummy, basic_altar
Swamp:1:  layout_basic_swamp, evilmike_swamp_ruin_house_4, uniq_josephine
Swamp:2:  layout_basic_swamp, hangedman_swamp_ruin_hall
Swamp:3:  layout_basic_swamp, evilmike_swamp_ruin_house_3,
          infiniplex_staircase_pool, uniq_jorgrun
Swamp:4:  byrel_swamp_growth_death_and_undeath, layout_basic_swamp, swamp_pool5
Spider:1: layout_spider_delve, nzn_ghost_randoct,
          nicolae_spider_altar_of_dancing
Spider:2: layout_spider_delve, nicolae_spider_orb_run
Spider:3: layout_cave_pods, nicolae_spider_cling_ruins,
          nicolae_spider_undead_wolf_pack
Spider:4: hellmonk_spider_rune_bug_friends, uniq_donald
Orc:1:    layout_diamond_mine, uniq_nergalle
Orc:2:    st_orc_mages, layout_caves, serial_shops, nicolae_shop_behind_doors,
          shop, basic_altar
Elf:1:    nicolae_elf_arrival_no_cutting_in_line, layout_loops_ring,
          hangedman_elf_represent, grunt_megastairs_5, minmay_shoptagon
Elf:2:    nicolae_elf_blades_crystal_corner, layout_onion_city, enter_trove_5,
          serial_shops, shop, grunt_ministairs_9, uniq_saint_roka
Elf:3:    minmay_elf_hall_x, layout_gridlike, basic_altar
Vaults:1: nicolae_vaults_minivaults, v_misc_30, hangedman_vaults_river_flow,
          nicolae_vaults_little_squares_4, v_misc_17, ontoclasm_vaults_gateway,
          nicolae_vaults_yaktaur_gun_rack, layout_vaults_omnigrid
Vaults:2: vaults_dpeg_encased_lava, vaults_room_semicircle,
          minmay_crypt_entry_necro_gods, nicolae_vaults_meeting, v_misc_3,
          nicolae_vaults_network_square, v_misc_14, vaults_standard_mumra_lines,
          vaults_mumra_chevron_long, layout_vaults_ring, serial_shops,
          nicolae_diamond_shop

Skill      XL: |  1  2  3  4  5  6  7  8  9 10 11 12 13 14 15 16 17 18 19 |
---------------+----------------------------------------------------------+-----
Conjurations   | 5 6 7 8 10 11 13 14 15 | 15.4
Staves         | 1 2 3 4 5 6 8 9 10 11 13 14 | 14.0
Translocations | 2 3 4 5 6 |  6.0
Spellcasting   | 3 4 5 6 8 9 11 12 13 | 13.4
Dodging        | 2 3 5 6 7 9 11 12 | 12.0
Fighting       | 2 3 5 6 9 |  9.0
Hexes          | 1 4 6 |  6.0
Fire Magic     | 2 3 5 6 |  6.0
Ice Magic      | 4 9 15 19 21 | 21.5
Air Magic      | 5 9 |  9.8
Stealth        | |  1.7

Action                   |  1- 3 |  4- 6 |  7- 9 | 10-12 | 13-15 | 16-18 | 19-21 || total
-------------------------+-------+-------+-------+-------+-------+-------+-------++-------
Melee: Dagger            |    16 |       |       |       |       |       |       ||    16
       Tailslap          |     2 |     2 |     5 |    21 |    19 |    13 |     2 ||    64
       Lajatang          |       |    31 |    57 |   131 |   144 |    93 |     6 ||   462
 Cast: Magic Dart        |    54 |    71 |   188 |   180 |   137 |   103 |    14 ||   747
       Searing Ray       |     2 |       |     6 |    14 |     1 |     1 |       ||    24
       Iskenderun's Myst |       |       |     8 |    97 |   363 |   312 |    69 ||   849
       Fulminant Prism   |       |       |       |    32 |       |     7 |       ||    39
       Fireball          |       |       |       |       |   101 |   150 |       ||   251
       Freezing Cloud    |       |       |       |       |    57 |   253 |    12 ||   322
       Apportation       |       |       |       |       |       |     1 |       ||     1
       Polar Vortex      |       |       |       |       |       |       |    41 ||    41
       Blink             |       |       |       |       |       |       |     1 ||     1
Evoke: Wand              |       |       |     1 |       |       |     2 |       ||     3
  Use: Scroll            |     1 |     2 |    10 |     8 |     1 |     2 |       ||    24
       Potion            |       |       |     6 |     1 |       |     2 |     2 ||    11
 Stab: Sleeping          |       |     2 |       |     1 |     1 |       |       ||     4
       Distracted        |       |       |       |     2 |     2 |     1 |     1 ||     6
Armor: Skin              |     5 |     7 |    57 |    72 |   145 |   151 |    39 ||   476
Dodge: Dodged            |    22 |    10 |    71 |   108 |   242 |   164 |    86 ||   703
Block: Other             |       |       |       |       |       |     1 |    31 ||    32
       Reflection        |       |       |       |       |       |     1 |     8 ||     9
